 Dungeon Crawl Stone Soup version 0.27-a0-1184-ge86db4a01e (webtiles) character file.

Game seed: 13773709863571831136

1937 bande the Chopper (level 9, -10/54 HPs)
             Began as a Gargoyle Fighter on May 19, 2021.
             Was a Believer of Okawaru.
             Mangled by a wyvern (14 damage)
             ... on level 7 of the Dungeon.
             The game lasted 00:13:04 (6422 turns).

bande the Chopper (Gargoyle Fighter)                Turns: 6422, Time: 00:13:04

Health: -10/54     AC: 22    Str: 27 (29) XL:     9   Next: 18%
Magic:  11/11      EV:  6    Int:  8      God:    Okawaru [**....]
Gold:   280        SH: 12    Dex: 10      Spells: 8/8 levels left

rFire    . . .     SeeInvis .   a - +1 war axe (spect)
rCold    . . .     Faith    .   c - +1 kite shield
rNeg     + . .     Spirit   .   f - +0 plate armour
rPois    ∞         Reflect  .   q - +2 helmet
rElec    +         Harm     .   (no cloak)
rCorr    .         Rampage  .   (no gloves)
Will     .....                  (no boots)
Stlth    ..........             (no amulet)
HPRegen  0.18/turn              e - +6 ring of strength
MPRegen  0.12/turn              (no ring)

@: no status effects
A: sickness immunity, AC +6, negative energy resistance 1, electricity
resistance, torment resistance 1, petrification resistance
a: Renounce Religion, Heroism


You were on level 7 of the Dungeon.
You worshipped Okawaru.
Okawaru was pleased with you.
You visited 1 branch of the dungeon, and saw 7 of its levels.

You collected 280 gold pieces.

Inventory:

Hand Weapons
 a - a +1 spectral war axe (weapon)
 i - a +0 war axe
 o - a +1 flail of protection
Missiles
 l - 8 curare-tipped darts (quivered)
 p - 3 throwing nets
Armour
 c - a +1 kite shield (worn)
 f - a +0 plate armour (worn)
 q - a +2 helmet (worn)
Jewellery
 b - a ring of fire
 e - a +6 ring of strength (left hand)
 k - a +4 ring of protection
Wands
 g - a wand of flame (14)
 m - a wand of polymorph (15)
Scrolls
 j - 9 scrolls of identify
Potions
 d - a potion of might
 h - 2 potions of ambrosia
 n - 3 potions of curing


   Skills:
 + Level 5.3 Fighting
 + Level 7.1 Axes
 + Level 6.0 Armour
 - Level 1.1 Dodging
 + Level 5.9 Shields
 * Level 3.1 Invocations
 * Level 2.4 Evocations


You had 8 spell levels left.
You didn't know any spells.
Your spell library contained the following spells:

 Spells                   Type           Power      Damage    Failure   Level
 Magic Dart               Conj           0%         1d3       100%        1
 Searing Ray              Conj           0%         3d3       100%        2
 Dazzling Flash           Conj/Hex       0%         N/A       100%        3
 Fulminant Prism          Conj/Hex       0%         3d6       100%        4
 Iskenderun's Mystic Bla  Conj/Tloc      0%         2d3       100%        4
 Summon Forest            Summ/Tloc      0%         N/A       100%        5
 Summon Mana Viper        Hex/Summ       0%         N/A       100%        5
 Shadow Creatures         Summ           N/A        N/A       100%        6
 Summon Hydra             Summ           0%         N/A       100%        7


Dungeon Overview and Level Annotations

Branches:
Dungeon (7/15)             Temple (0/1) D:5

Altars:
Elyvilon
Fedhas
Okawaru
Qazlal
Ru
Sif Muna
Trog
Uskayaw
Vehumet
Wu Jian
Zin
The Shining One

Shops:
D:3 =

Annotations:
D:7 2 transporters


Innate Abilities, Weirdness & Mutations

You are immune to sickness and miasma.
Your stone body is resilient. (AC +6)
You are immune to poison.
You resist negative energy. (rN+)
You are resistant to electric shocks. (rElec)
You are resistant to unholy torment.
You are immune to petrification.


Message History

The killer bee stings you but does no damage. x2
You closely miss the killer bee.
The killer bee is lightly wounded.
The killer bee closely misses you.
The killer bee stings you but does no damage. x2
You slash the killer bee!
You kill the killer bee!
Okawaru accepts your kill. The wyvern bites you.
Your Armour skill increases to level 6!
You completely miss the wyvern. The wyvern bites you! The wyvern bites you.
* * * LOW HITPOINT WARNING * * *
You hit the wyvern but do no damage. You block the wyvern's attack. x2
You slash the wyvern!
The wyvern is heavily wounded.
You block the wyvern's attack.
The sky beast flickers out of sight!
Deactivating autopickup; reactivate with Ctrl-A.
You block the wyvern's attack.
Your plate armour prevents you from hitting the wyvern.
The wyvern is heavily wounded.
The wyvern bites you.
* * * LOW HITPOINT WARNING * * *
The wyvern barely misses you.
You hit the wyvern.
The wyvern is heavily wounded.
The wyvern bites you.
* * * LOW HITPOINT WARNING * * *
You block the wyvern's attack.
You slash the wyvern!
The wyvern is almost dead.
The wyvern bites you but does no damage.
The wyvern bites you!
* * * LOW HITPOINT WARNING * * *
You hit the wyvern but do no damage.
The wyvern is almost dead.
The wyvern bites you but does no damage. x2
You closely miss the wyvern.
The wyvern is almost dead.
You block the wyvern's attack. The wyvern bites you!
You die...

##########...# #***,,,,,,* #.###
#,,,,,,,,,* #.# #,**,,,,,,* #.#
#,**,,,,,,* #.# #,**,,,,,,*
#.#### #,**,**,*** #....#
#,**,**<* ####.# #,,,,,,,* #@#
#***,**** ####l#### *,* #...{...#
####.#******#.##.##.#
......,,,,,..,,..#*,#*****
##...**,*,##*,*#..,>,,,,,*****
#*,,,,,***,**,*#.##,**,,,,,,,*
#**,**,,*,***,,...,,**,*,***,****
# *,,,,,,** ***...,,,*,,*,,,,,,,,


You could see a wyvern.

Vanquished Creatures
  Sigmund (D:4)
  Edmund (D:4)
  2 black bears
  2 ogres (D:5)
  A phantom (D:5)
  A kobold brigand (D:6)
  2 scorpions
  A wyvern skeleton (D:6)
  5 killer bees (D:7)
  A centaur zombie (D:5)
  2 orc priests
  3 hounds
  4 jellies
  A gnoll shaman (D:6)
  A scorpion zombie (D:5)
  3 iguanas
  An orc wizard (D:5)
  2 killer bee zombies (D:7)
  5 adders
  11 gnolls
  2 white imps (D:5)
  2 worms
  4 dart slugs
  21 orcs
  5 endoplasms
  5 giant cockroaches
  6 goblins
  8 hobgoblins
  6 jackals
  A quokka (D:3)
  8 ball pythons
  5 bats
  5 frilled lizards
  6 kobolds
  7 rats
141 creatures vanquished.

Vanquished Creatures (others)
  7 plants (D:4)
7 creatures vanquished.

Grand Total: 148 creatures vanquished

Notes
Turn   | Place    | Note
-------+----------+-------------------------------------------
     0 | D:1      | bande the Gargoyle Fighter began the quest for the Orb.
     0 | D:1      | Reached XP level 1. HP: 14/14 MP: 1/1
    15 | D:1      | Found a faded altar of an unknown god.
   155 | D:1      | Reached XP level 2. HP: 19/19 MP: 2/2
   669 | D:1      | Reached skill level 2 in Axes
   894 | D:1      | Reached XP level 3. HP: 23/23 MP: 3/3
  1603 | D:2      | Reached XP level 4. HP: 17/29 MP: 4/4
  2036 | D:2      | Reached skill level 3 in Axes
  2508 | D:3      | Reached XP level 5. HP: 22/33 MP: 5/5
  2906 | D:3      | Found Fiuh's Jewellery Shop.
  3338 | D:4      | Noticed a black bear
  3344 | D:4      | Killed a black bear
  3345 | D:4      | Reached skill level 4 in Axes
  3345 | D:4      | Reached XP level 6. HP: 38/38 MP: 6/6
  3561 | D:4      | Noticed Sigmund
  3571 | D:4      | Killed Sigmund
  3572 | D:4      | Reached skill level 1 in Dodging
  3572 | D:4      | Reached XP level 7. HP: 7/44 MP: 7/7
  3846 | D:4      | Noticed Edmund
  3856 | D:4      | Killed Edmund
  3857 | D:4      | Reached skill level 5 in Axes
  4016 | D:4      | Found an ornate altar of the Wu Jian Council.
  4100 | D:4      | Found a hide-covered altar of Uskayaw.
  4108 | D:4      | Found a bloodstained altar of Trog.
  4109 | D:4      | Found a radiant altar of Vehumet.
  4109 | D:4      | Found a sacrificial altar of Ru.
  4109 | D:4      | Found a glowing golden altar of the Shining One.
  4109 | D:4      | Found an iron altar of Okawaru.
  4110 | D:4      | Found a stormy altar of Qazlal.
  4114 | D:4      | Found a shimmering blue altar of Sif Muna.
  4130 | D:4      | Became a worshipper of Warmaster Okawaru
  4151 | D:5      | Entered Level 5 of the Dungeon
  4184 | D:5      | Reached skill level 5 in Shields
  4210 | D:5      | Found the +11 plutonium sword {Contam Stlth-}
  4428 | D:5      | Reached skill level 5 in Armour
  4444 | D:5      | Reached XP level 8. HP: 41/48 MP: 8/8
  4498 | D:5      | Found a staircase to the Ecumenical Temple.
  4592 | D:5      | Reached * piety under Okawaru
  4855 | D:5      | Reached skill level 6 in Axes
  4857 | D:5      | Reached skill level 1 in Invocations
  4857 | D:5      | Reached skill level 1 in Evocations
  5342 | D:6      | Reached skill level 5 in Fighting
  5508 | D:6      | Reached ** piety under Okawaru
  5774 | D:6      | Found a blossoming altar of Fedhas.
  6000 | D:6      | Found a white marble altar of Elyvilon.
  6081 | D:7      | Found a glowing silver altar of Zin.
  6149 | D:7      | Found a transporter.
  6156 | D:7      | Reached XP level 9. HP: 54/54 MP: 10/10
  6164 | D:7      | Noticed a kobold demonologist
  6243 | D:7      | Found a transporter.
  6382 | D:7      | Reached skill level 7 in Axes
  6422 | D:7      | Mangled by a wyvern

Illustrated notes

Levels and vault maps discovered:
D:1:      roderic_dead_forest, layout_loops_corners, serial_bayou,
          serial_bayou_pond_e, serial_bayou_pond_e, serial_bayou_pond_d,
          serial_bayou_pond_c, chequers_ecumenical_altar_simple_redux,
          kennysheep_boxes
D:2:      layout_basic, st_stairs_14
D:3:      layout_rooms, serial_shops, nicolae_shop_crystal,
          minmay_misc_feat_tiny
D:4:      layout_basic, minitemple, lemuel_crystal_altar, serial_bayou_lagoon_a,
          minivault_24, sigmund_edmund_badplayer
D:5:      layout_basic, minmay_temple_entry_antechambers, grunt_ministairs_7
D:6:      layout_loops_cross, fedhas_ov_isle_minmay, elyvilon_altar_4
D:7:      gammafunk_wand_slinger, layout_loops_cross, zin_academy, serial_shops,
          shop_fountains

Skill      XL: |  1  2  3  4  5  6  7  8  9 |
---------------+----------------------------+-----
Axes           | 2 3 4 5 6 7 |  7.1
Fighting       | 4 5 |  5.3
Armour         | 4 5 6 |  6.0
Shields        | 4 5 |  5.9
Dodging        | 1 |  1.1
Invocations    | 2 3 |  3.1
Evocations     | 2 |  2.4

Action                   |  1- 3 |  4- 6 |  7- 9 || total
-------------------------+-------+-------+-------++-------
Melee: War axe           |   128 |   129 |   194 ||   451
  Use: Scroll            |     3 |     4 |     4 ||    11
       Potion            |     1 |     3 |     1 ||     5
 Stab: Distracted        |       |       |     1 ||     1
Armor: Scale mail        |     6 |       |       ||     6
       Plate armour      |    98 |    97 |   118 ||   313
Dodge: Dodged            |    29 |    29 |    41 ||    99
Block: Kite shield       |    78 |    87 |   112 ||   277

Table legend: (Time is in decaauts)
 A = Elapsed time spent in this place.
 B = Non-inter-level travel time spent in this place.
 C = Inter-level travel time spent in this place.
 D = Time resting spent in this place.
 E = Time spent auto-exploring this place.
 F = Levels seen in this place.
 G = Mean time per level.
                   A        B        C        D        E       F      G
               +--------+--------+--------+--------+--------+-----+--------+
         Total |   6667 |   6667 |      0 |   1224 |   3967 |   7 |  952.4 |
       Dungeon |   6667 |   6667 |      0 |   1224 |   3967 |   7 |  952.4 |
               +--------+--------+--------+--------+--------+-----+--------+

Top non-repeatable levels by time:
     D:1: 1337 daAuts
     D:2: 1223 daAuts
     D:5: 1180 daAuts
     D:4: 963 daAuts
     D:3: 810 daAuts
     D:6: 785 daAuts
     D:7: 367 daAuts
